AoeStats
← Ebrio

Arena

506203078Analyzed
3v3 RM · 20d ago on Sep 12, 2026· 38m 22s· 6 players
Game mode
Random Map
Map size
Normal (6 player)
Population
200
Speed
Normal
Resources
Standard
Victory
Conquest
Starting age
Dark Age
Ending age
Imperial Age
RankedLock teamsTeams togetherTeam positionsShared explorationLock speedFull tech treeHidden civsTurbo modeCheats
Victory
Defeat
🇩🇰 Mongols · Denmark
974
+12
🇩🇰 Persians · Denmark
910
+15
🇩🇰 Bohemians · Denmark
892
+15
🇦🇷 Persians · Argentina
892
-14
🇦🇹 Teutons · Austria
883
-14
🇮🇹 Mongols · Italy
878
-14
kakao_
0:49 Loom
9:27 Feudal Age
10:02 Double-Bit Axe
12:09 Horse Collar
14:56 Wheelbarrow
14:37 Town Watch
20:43 Castle Age
20:49 Stone Mining
23:18 Fletching
26:18 Squires
26:07 Arson
26:20 Bodkin Arrow
26:00 Pikeman
28:10 Bow Saw
33:03 Imperial Age
31:57 Padded Archer Armor
35:57 Fortified Wall
37:34 Conscription
37:50 Hoardings
Sacresh Martire
7:51 Loom
10:10 Feudal Age
10:55 Double-Bit Axe
14:25 Wheelbarrow
16:27 Castle Age
16:05 Gold Mining
15:58 Horse Collar
17:32 Bow Saw
21:27 Atonement
23:52 Heavy Plow
27:28 Gold Shaft Mining
26:43 Stone Mining
28:35 Wheelbarrow
28:28 Thumb Ring
28:45 Scale Barding Armor
28:41 Padded Archer Armor
33:02 Imperial Age
31:40 Chain Barding Armor
32:09 Fletching
32:38 Leather Archer Armor
33:35 Fletching
33:46 Scale Mail Armor
33:57 Forging
33:30 Onager
35:07 Bloodlines
34:17 Light Cavalry
34:58 Husbandry
35:56 Drill
36:14 Conscription
36:01 Town Watch
36:15 Capped Ram
36:43 Heavy Camel Rider
37:13 Siege Onager
Ebrio
0:30 Loom
12:45 Feudal Age
13:40 Horse Collar
13:48 Double-Bit Axe
17:23 Castle Age
18:17 Wheelbarrow
18:13 Bow Saw
18:05 Heavy Plow
30:01 Imperial Age
27:30 Gold Mining
29:15 Scale Barding Armor
29:20 Forging
29:23 Stone Mining
30:22 Bloodlines
30:13 Husbandry
31:19 Hand Cart
32:08 Two-Man Saw
33:14 Crop Rotation
32:10 Cavalier
34:12 Gold Shaft Mining
35:38 Chain Barding Armor
35:54 Iron Casting
Nickolai k
11:34 Feudal Age
17:16 Castle Age
17:29 Loom
26:37 Imperial Age
27:26 Double-Bit Axe
27:46 Elite Hussite Wagon
29:40 Wheelbarrow
35:00 Chemistry
34:11 Fortified Wall
The Priest1783
0:28 Loom
11:27 Feudal Age
12:17 Double-Bit Axe
17:46 Castle Age
15:47 Horse Collar
18:52 Bow Saw
19:19 Gold Mining
19:28 Stone Mining
21:03 Wheelbarrow
22:25 Heavy Plow
23:53 Bloodlines
23:43 Husbandry
25:31 Kamandaran
25:20 Town Watch
26:39 Fletching
26:15 Crossbowman
32:46 Imperial Age
31:32 Ballistics
31:26 Thumb Ring
32:44 Gold Shaft Mining
32:35 Padded Archer Armor
33:35 Conscription
33:26 Bodkin Arrow
33:46 Leather Archer Armor
34:59 Squires
36:23 Chemistry
36:41 Ring Archer Armor
TommyGunDKz
9:37 Feudal Age
13:50 Castle Age
12:17 Double-Bit Axe
18:51 Horse Collar
20:28 Bow Saw
22:13 Wheelbarrow
27:40 Imperial Age
28:11 Fletching
28:22 Padded Archer Armor
27:45 Onager
27:49 Capped Ram
28:44 Heavy Plow
28:46 Stone Mining
28:49 Gold Mining
29:35 Conscription
28:41 Capped Ram
29:44 Bodkin Arrow
30:06 Leather Archer Armor
30:17 Loom
30:18 Town Watch
30:49 Hand Cart
30:37 Bracer
31:04 Ballistics
31:45 Chemistry
32:10 Stone Shaft Mining
32:12 Gold Shaft Mining
31:24 Siege Ram
33:20 Drill
34:12 Scale Barding Armor
34:42 Siege Engineers
34:34 Murder Holes
34:10 Elite Mangudai
35:37 Masonry
35:35 Devotion
Connection lost

Rejoining the realm…

Still unreachable

The connection could not be restored.

Session expired

The server has moved on; the page needs a fresh start.